 Dungeon Crawl Stone Soup version 0.30-a0-534-gdc55766716 (webtiles) character file.

Game seed: 16648944640325622635

131 p00ps00p the Trooper (level 5, -4/47 HPs)
             Began as a Hill Orc Fighter on Dec 25, 2022.
             Killed from afar by a dart slug (6 damage)
             ... with a slug dart
             ... on level 3 of the Dungeon.
             The game lasted 00:01:51 (1495 turns).

p00ps00p the Trooper (Hill Orc Fighter)             Turns: 1495, Time: 00:01:52

Health: -4/47      AC:  9    Str: 21    XL:     5   Next: 14%
Magic:  5/5        EV:  9    Int:  8    God:
Gold:   100        SH:  4    Dex: 10    Spells: 4/4 levels left

rFire   . . .      SeeInvis .    a - +0 war axe
rCold   . . .      Faith    .    c - +0 buckler
rNeg    . . .      Spirit   .    b - +0 scale mail
rPois   .          Reflect  .    (no helmet)
rElec   .          Harm     .    (no cloak)
rCorr   .          Rampage  .    (no gloves)
Will    .....                    f - +1 pair of boots Stlth
                                 (no amulet)
HPRegen 0.27/turn                (no ring)
MPRegen 0.09/turn                (no ring)

@: mighty, hasted, very quick
A: no striking features
a: no special abilities


You were on level 3 of the Dungeon.
You visited 1 branch of the dungeon, and saw 3 of its levels.

You collected 100 gold pieces.

Inventory:

Hand Weapons
 a - a +0 war axe (weapon)
Armour
 b - a +0 scale mail (worn)
 c - a +0 buckler (worn)
 f - a +1 pair of boots (worn)
Potions
 d - a potion of might
 e - a potion of cancellation {unknown}
 g - a potion of attraction {unknown}
 h - a potion of invisibility {unknown}
 i - a potion of haste
 j - a potion of heal wounds {unknown}
 k - 2 potions of curing
 l - 2 potions of berserk rage {unknown}
 o - a potion of ambrosia {unknown}


   Skills:
 + Level 4.6 Fighting
 + Level 4.1 Axes
 + Level 4.1 Armour
 + Level 4.2 Shields


You had 4 spell levels left.
You didn't know any spells.
Your spell library contained the following spells:

 Spells                   Type           Power      Damage    Failure   Level
 Beastly Appendage        Tmut           0%         N/A       83%         1
 Necrotise                Necr           0%         1d4       83%         1
 Sublimation of Blood     Necr           0%         N/A       92%         2
 Wereblood                Tmut           0%         N/A       92%         2
 Spider Form              Tmut/Pois      0%         N/A       99%         3
 Vampiric Draining        Necr           0%         2d6       99%         3
 Agony                    Necr           0%         N/A       100%        5
 Summon Hydra             Summ           0%         N/A       100%        7


Dungeon Overview and Level Annotations

Branches:
Dungeon (3/15)

Altars:


Message History

The phantom hits you. The gnoll barely misses you. The phantom hits you.
* * * LOW HITPOINT WARNING * * *
The phantom blinks!
You blink.
You barely miss the phantom.
The phantom is almost destroyed.
The phantom hits you but does no damage.
You hit the phantom.
You destroy the phantom!
Your Axes skill increases to level 4!
Your Armour skill increases to level 4!
Your Shields skill increases to level 4!
You have reached level 4!
You have reached level 5!
You feel stronger.
You feel better.
You feel yourself speed up. The gnoll closely misses you.
The gnoll hits you but does no damage.
You feel very mighty all of a sudden. You block the gnoll's attack.
You are too injured to fight recklessly!
Unknown command.
You are too injured to fight recklessly!
You closely miss the gnoll. You slash the gnoll!
You kill the gnoll!
The gnoll hits you but does no damage. The gnoll barely misses you.
You block the gnoll's attack.
You hit the gnoll.
The gnoll is heavily wounded.
The gnoll hits you from afar with a +0 halberd!
* * * LOW HITPOINT WARNING * * *
The gnoll completely misses you. The gnoll hits you with a +0 halberd!
* * * LOW HITPOINT WARNING * * *
The gnoll hits you but does no damage. x2
You slash the gnoll!
You kill the gnoll!
You hit the gnoll but do no damage. You slash the gnoll!
You kill the gnoll!
The dart slug launches a dart at you. The slug dart hits you.
You die...

#.. #...# #
#...#...#.#
#...#...#.#
##...#<....#.#
#..$.....###.#
#.........<#.#
#.####)#####.#
#.).......###
###@##......#
#)g.......#
#w........#
#.......(.#
#.........#
#.........#
#...#######
#...# #w###


You could see a gnoll and a dart slug.

Vanquished Creatures
  A phantom (D:3)
  3 gnolls (D:3)
  2 worms (D:2)
  A dart slug (D:1)
  3 endoplasms
  4 giant cockroaches
  5 goblins
  4 hobgoblins
  4 jackals (D:1)
  5 ball pythons
  A bat (D:2)
  2 frilled lizards (D:3)
  2 kobolds
  A rat (D:1)
38 creatures vanquished.

Vanquished Creatures (others)
  6 plants (D:2)
  15 withered plants (D:2)
21 creatures vanquished.

Grand Total: 59 creatures vanquished

Notes
Turn   | Place    | Note
-------+----------+-------------------------------------------
     0 | D:1      | p00ps00p the Hill Orc Fighter began the quest for the Orb.
     0 | D:1      | Reached XP level 1. HP: 19/19 MP: 1/1
    83 | D:1      | Reached XP level 2. HP: 25/27 MP: 2/2
   641 | D:2      | Reached XP level 3. HP: 33/33 MP: 3/3
  1334 | D:2      | Found a faded altar of an unknown god.
  1462 | D:3      | Noticed a phantom
  1488 | D:3      | Killed a phantom
  1489 | D:3      | Reached XP level 4. HP: 8/41 MP: 4/4
  1489 | D:3      | Reached XP level 5. HP: 10/47 MP: 5/5
  1494 | D:3      | HP: 2/47 [gnoll/+0 halberd (9)]
  1495 | D:3      | Killed from afar by a dart slug

Illustrated notes

Levels and vault maps discovered:
D:1:      dpeg_arrival_round_c, layout_rooms, serial_park_tiny_1
D:2:      layout_basic, shapermc_ecumenical_altar_flowoftime,
          corexii_corridor_pit, minmay_tetromino_t4
D:3:      layout_basic, lemuel_round_altar, uniq_ijyb, uniq_natasha,
          uniq_crazy_yiuf_cottage

Skill      XL: |  1  2  3 |
---------------+----------+-----
Axes           | 3 4 |  4.1
Fighting       | 4 |  4.6
Armour         | 4 |  4.1
Shields        | 4 |  4.2

Action                   |  1- 3 |  4- 6 || total
-------------------------+-------+-------++-------
Melee: War axe           |   132 |     3 ||   135
  Use: Scroll            |     7 |       ||     7
       Potion            |       |     3 ||     3
Armor: Scale mail        |    50 |     4 ||    54
Dodge: Dodged            |    42 |     3 ||    45
Block: Buckler           |    23 |     2 ||    25

Table legend: (Time is in decaauts)
 A = Elapsed time spent in this place.
 B = Non-inter-level travel time spent in this place.
 C = Inter-level travel time spent in this place.
 D = Time resting spent in this place.
 E = Time spent auto-exploring this place.
 F = Levels seen in this place.
 G = Mean time per level.
                   A        B        C        D        E       F      G
               +--------+--------+--------+--------+--------+-----+--------+
         Total |   1545 |   1475 |     70 |      0 |   1145 |   3 |  515.0 |
       Dungeon |   1545 |   1475 |     70 |      0 |   1145 |   3 |  515.0 |
               +--------+--------+--------+--------+--------+-----+--------+

Top non-repeatable levels by time:
     D:2: 849 daAuts
     D:1: 641 daAuts
     D:3: 54 daAuts
